Map: 锈化山巅-天梯版

Players

TIME (Oliveira)

  • Race: Terran Terran
  • League: Grandmaster

wanted - Winner!

  • Race: Zerg Zerg

Event: DreamHack SC2 Masters 2021 Fall

VOD

Have the link to the VOD?

Description

Time

  • Played on: Aug. 4, 2021, 7:31 a.m.
  • Length: 6:20

All games in this series

Show
View Real Time Build Order
Export as new Build Order

TIME Terran 

Build Orders: Reaper Expand, Hellion Banshee 

Get SALT Encoding   

  12  0:00  SCV  
  13  0:12  SCV  
  14  0:17  Supply Depot  
  14  0:24  SCV  
  15  0:38  SCV  
  15  0:39  Barracks  
  16  0:44  Refinery  
  16  0:50  SCV  
  17  1:03  SCV  
  18  1:15  SCV  
  19  1:27  Reaper, Orbital Command  
  20  1:40  Command Center  
  20  1:49  Supply Depot  
  20  1:53  SCV  
  21  1:59  Marine  
  22  2:07  SCV  
  23  2:13  Factory  
  23  2:19  SCV  
  23  2:22  Barracks Reactor  
  24  2:32  SCV  
  25  2:40  Command Center  
  25  2:44  SCV  
  26  2:53  Orbital Command  
  26  2:56  SCV  
  27  3:00  Starport  
  27  3:06  Refinery  
  27  3:09  SCV  
  27  3:12  Hellion  
  30  3:16  Hellion  
  30  3:19  SCV  
  33  3:22  SCV  
  33  3:23  Barracks Tech Lab  
  34  3:31  SCV  
  34  3:34  SCV  
  36  3:35  Hellion  
  36  3:37  Hellion  
  40  3:43  SCV  
  40  3:46  SCV  
  42  3:49  Banshee  
  42  3:50  Marine  
  42  3:53  Orbital Command  
  46  3:58  Cloaking Field  
  46  4:00  SCV x2  
  46  4:02  Hellion  
  50  4:05  Hellion  
  50  4:09  Supply Depot  
  52  4:10  Barracks Tech Lab  
  52  4:12  SCV  
  52  4:13  SCV  
  54  4:19  SCV  
  56  4:24  SCV  
  56  4:25  SCV  
  57  4:31  SCV  
  57  4:32  Banshee  
  57  4:33  Supply Depot  
  57  4:34  Barracks  
  57  4:36  SCV  
  57  4:37  Barracks  
  62  4:40  Marine  
  62  4:43  SCV x2  
  65  4:46  Factory Reactor  
  65  4:48  SCV  
  66  4:58  Marine, Refinery, Engineering Bay x2  
  66  4:59  Refinery  
  65  5:08  SCV  
  66  5:16  Marauder  
  64  5:26  Marine x2  
Show
View Real Time Build Order
Export as new Build Order

wanted Zerg - Winner!

Build Orders: Hatch First, Roach Nydus 

Get SALT Encoding   

  12  0:00  Drone  
  13  0:10  Drone  
  14  0:16  Overlord  
  14  0:24  Extractor, Drone  
  15  0:36  Drone  
  16  0:48  Hatchery  
  15  0:51  Drone  
  15  0:55  Drone  
  17  0:58  Drone  
  18  1:09  Extractor  
  17  1:13  Spawning Pool  
  17  1:17  Drone  
  17  1:20  Drone  
  18  1:27  Drone  
  19  1:37  Overlord  
  19  1:47  Drone  
  20  2:00  Queen x2  
  25  2:01  Zergling x4  
  26  2:09  Drone  
  26  2:10  Drone  
  28  2:22  Hatchery  
  27  2:30  Drone  
  27  2:33  Drone  
  27  2:34  Drone  
  30  2:41  Queen  
  32  2:46  Overlord  
  32  2:54  Extractor, Lair  
  31  3:00  Overlord  
  31  3:01  Overlord  
  31  3:10  Drone x3  
  34  3:16  Drone  
  35  3:25  Drone  
  36  3:28  Extractor, Drone, Roach Warren  
  36  3:32  Drone  
  36  3:37  Drone  
  37  3:50  Drone x3  
  37  3:51  Drone  
  37  3:55  Nydus Network  
  39  4:15  Roach x5  
  49  4:20  Overlord  
  51  4:24  Roach  
  51  4:29  Roach  
  53  4:38  Nydus Canal  
  53  4:39  Roach x2  
  57  4:47  Roach x2  
  57  4:48  Overseer  
  57  4:51  Roach  
  60  4:58  Roach x2  
  64  5:06  Overlord  
  64  5:07  Roach  
  65  5:16  Nydus Canal  
  64  5:26  Ravager x2, Roach x2  
  64  5:29  Roach  
  64  5:31  Roach  

Tags
 
Add a new tag
Caveats
  • Supply blocks, unpowered buildings, or Contaminate may cause inaccurate times.
  • Supply counts are checked every 10 seconds.